 Dungeon Crawl Stone Soup version 0.31.0-9-g3a7656b989 (webtiles) character file.

Game seed: 915337551561160144

56 qw the Shooter (level 3, 0/20 HPs)
             Began as a Deep Elf Hunter on Feb 2, 2024.
             Slain by a cerulean imp
             ... wielding a +1 spear
             ... summoned by Natasha
              (1 damage)
             ... on level 2 of the Dungeon.
             The game lasted 00:00:05 (603 turns).

qw the Shooter (Deep Elf Hunter)                     Turns: 603, Time: 00:00:05

Health: 0/20       AC:  6    Str: 10    XL:     3   Next: 71%
Magic:  5/5        EV:  9    Int: 13    God:
Gold:   61         SH:  0    Dex: 18    Spells: 2/2 levels left

rFire   . . .        a - +0 shortbow
rCold   . . .        (shield currently unavailable)
rNeg    . . .        f - +0 scale mail
rPois   .            (no helmet)
rElec   .            (no cloak)
rCorr   .            (no gloves)
SInv    .            (no boots)
Will    .....        (no amulet)
Stlth   +            (no ring)
HPRegen 0.23/turn    (no ring)
MPRegen 0.09/turn

%: no passive effects
@: no status effects
A: no striking features
a: no special abilities


You were on level 2 of the Dungeon.
You visited 1 branch of the dungeon, and saw 2 of its levels.

You collected 61 gold pieces.


   Skills:
 - Level 1.5 Fighting
 + Level 7.2 Ranged Weapons
 - Level 2.4 Dodging
 - Level 1.2 Stealth


You had 2 spell levels left.
You didn't know any spells.
Your spell library was empty.

Inventory:

Hand Weapons
 a - a +0 shortbow (weapon)
Armour
 f - a +0 scale mail (worn)
Potions
 e - a potion of curing
 h - a potion of heal wounds {unknown}

Dungeon Overview and Level Annotations

Branches:
Dungeon (2/15)

Altars:

Annotations:
D:2 Natasha


Message History

The adder attacks as it pursues you! The adder bites you.
The adder barely misses you.
595 ||| RETREEEEATING.
The adder closely misses you.
596 ||| RETREEEEATING.
You shoot an arrow. The arrow misses the adder.
The arrow hits the adder!
The adder is severely wounded.
The adder bites you. x2
You are poisoned.
The adder poisons you!
You shoot an arrow. The arrow hits the adder.
The adder is heavily wounded.
You feel sick. The adder bites you but does no damage.
You shoot an arrow. The arrow completely misses the adder.
The arrow hits the adder!
You kill the adder!
You feel sick.
The cerulean imp disappears in a puff of smoke!
The adder closely misses you.
Natasha casts a spell.
The adder barely misses you.
Your Ranged Weapons skill increases to level 7!
You shoot an arrow. The arrow hits the adder!
You kill the adder!
You feel sick.
You are no longer poisoned.
Natasha mumbles some strange words.
The cerulean imp hits you from afar with a +1 spear.
You shoot an arrow. The arrow hits the cerulean imp!
The cerulean imp is severely wounded.
The cerulean imp hits you but does no damage.
You shoot an arrow. The arrow misses the cerulean imp.
The arrow closely misses Natasha.
The arrow hits the cerulean imp.
The cerulean imp is lightly wounded.
The cerulean imp hits you from afar with a +1 spear.
The cerulean imp closely misses you.
You shoot an arrow. The arrow hits the cerulean imp.
The cerulean imp is severely wounded.
The cerulean imp hits you from afar with a +1 spear.
You die...

##########################
.........................#
########################.#
#<####................#
#.......###############
#........5h5.@.......
#.........5##########
####........5ยค#
..##..........#
#.##..........#
#.##.####'#'###
#.##.####.#.####
.................
...........!#####


You could see Natasha and 3 cerulean imps.

Vanquished Creatures
  3 adders (D:2)
  A dart slug (D:1)
  4 endoplasms (D:1)
  A giant cockroach (D:1)
  4 hobgoblins (D:1)
  6 kobolds (D:1)
  2 quokkas (D:1)
  A ball python (D:1)
  2 frilled lizards (D:1)
  2 goblins (D:1)
26 creatures vanquished.

Notes
Turn   | Place    | Note
-------+----------+-------------------------------------------
     0 | D:1      | qw the Deep Elf Hunter began the quest for the Orb.
     0 | D:1      | Reached XP level 1. HP: 12/12 MP: 3/3
     0 | D:1      | 0 ||| qw: Version: 0.3-a-155-g5e7d8dd
     0 | D:1      | 0 ||| qw: Game counter: 1239
     0 | D:1      | 0 ||| qw: Melee chars always use a shield: true
     0 | D:1      | 0 ||| qw: God list: Okawaru
     0 | D:1      | 0 ||| qw: Allow faded altars: false
     0 | D:1      | 0 ||| qw: Do Orc after clearing Dungeon:15 true
     0 | D:1      | 0 ||| qw: Do second Lair branch before Depths: true
     0 | D:1      | 0 ||| qw: Lair rune preference: random
     0 | D:1      | 0 ||| qw: Goals: Normal
     0 | D:1      | 0 ||| PLANNING D:1-11
    97 | D:1      | Reached XP level 2. HP: 16/16 MP: 4/4
    99 | D:1      | Reached skill level 6 in Ranged Weapons
   332 | D:1      | Reached XP level 3. HP: 20/20 MP: 5/5
   410 | D:1      | 410 ||| UPGRADING to +0 scale mail.
   420 | D:1      | 420 ||| DROPPING +0 leather armour.
   421 | D:1      | 421 ||| READING 2 scrolls labelled BORASMIMOI.
   421 | D:1      | 421 ||| IDENTIFYING lumpy yellow potion
   422 | D:1      | 422 ||| READING scroll of identify.
   422 | D:1      | 422 ||| IDENTIFYING smoky purple potion
   423 | D:1      | 423 ||| DROPPING scroll of butterflies.
   424 | D:1      | 424 ||| DROPPING potion of attraction.
   580 | D:2      | Noticed Natasha
   581 | D:2      | 581 ||| RETREEEEATING.
   582 | D:2      | 582 ||| RETREEEEATING.
   583 | D:2      | 583 ||| RETREEEEATING.
   584 | D:2      | 584 ||| RETREEEEATING.
   589 | D:2      | 589 ||| RETREEEEATING.
   590 | D:2      | 590 ||| RETREEEEATING.
   591 | D:2      | 591 ||| RETREEEEATING.
   592 | D:2      | 592 ||| RETREEEEATING.
   593 | D:2      | 593 ||| RETREEEEATING.
   594 | D:2      | 594 ||| RETREEEEATING.
   595 | D:2      | 595 ||| RETREEEEATING.
   596 | D:2      | 596 ||| RETREEEEATING.
   600 | D:2      | Reached skill level 7 in Ranged Weapons
   600 | D:2      | HP: 5/20 [poisoned by an adder]
   600 | D:2      | HP: 2/20 [cerulean imp/+1 spear[Natasha] (3)]
   603 | D:2      | Slain by a cerulean imp

Levels and vault maps discovered:
D:1:      minmay_arrival_statue_studded, layout_rooms
D:2:      minmay_chambers_of_ones, layout_basic, uniq_natasha

Skill      XL: |  1  2  3 |
---------------+----------+-----
Ranged Weapons | 6 7 |  7.2
Fighting       | |  1.5
Dodging        | |  2.4
Stealth        | |  1.2

Action                     || total
---------------------------++-------
   Fire: Shortbow          ||    78
    Use: Scroll            ||     2
 Armour: Leather armour    ||     7
         Scale mail        ||    23
  Dodge: Dodged            ||    16

Table legend:
 A = Non-vault XP
 B = Vault XP
 C = Vault XP percentage of total XP
 D = Non-vault monster count
 E = Vault monster count
 F = Vault count percentage of total count
                 A         B        C        D         E       F
            +---------+---------+-------+---------+---------+-------
      Total |      81 |       0 |   0.0 |      26 |       0 |   0.0
            +---------+---------+-------+---------+---------+-------
        D:1 |      41 |       0 |   0.0 |      23 |       0 |   0.0
        D:2 |      40 |       0 |   0.0 |       3 |       0 |   0.0
            +---------+---------+-------+---------+---------+-------
